 Dungeon Crawl Stone Soup version 0.28.0-49-g6dfe1f597d (webtiles) character file.

Game seed: 14414231877744800988

101 Exodus22XD the Poker (level 4, -8/34 HPs)
             Began as a Demonspawn Gladiator on May 15, 2022.
             Killed by divine providence
             ... invoked by an orc priest
              (13 damage)
             ... on level 3 of the Dungeon.
             The game lasted 00:02:09 (2109 turns).

Exodus22XD the Poker (Demonspawn Gladiator)         Turns: 2109, Time: 00:02:10

Health: -8/34      AC:  9    Str: 16    XL:     4   Next: 48%
Magic:  4/4        EV: 10    Int: 10    God:
Gold:   80         SH:  0    Dex: 14    Spells: 3/3 levels left

rFire   . . .      SeeInvis .   a - +0 trident
rCold   . . .      Faith    .   (no shield)
rNeg    . . .      Spirit   .   e - +0 scale mail
rPois   .          Reflect  .   c - +0 helmet
rElec   .          Harm     .   (no cloak)
rCorr   .          Rampage  .   (no gloves)
Will    .....                   (no boots)
Stlth   ..........              (no amulet)
HPRegen 0.11/turn               (no ring)
MPRegen 0.09/turn               (no ring)

@: no status effects
A: claws 2, yellow scales 1
a: no special abilities


You were on level 3 of the Dungeon.
You visited 1 branch of the dungeon, and saw 3 of its levels.

You collected 80 gold pieces.

Inventory:

Hand Weapons
 a - a +0 trident (weapon)
Missiles
 d - 3 throwing nets (quivered)
Armour
 c - a +0 helmet (worn)
 e - a +0 scale mail (worn)
 j - an orb of wrath
Scrolls
 b - 2 scrolls of enchant weapon {unknown}
 f - 5 scrolls of identify {unknown}
 h - a scroll of blinking {unknown}
Potions
 g - a potion of might {unknown}
 i - 2 potions of heal wounds {unknown}
 k - a potion of degeneration {unknown}


   Skills:
 + Level 2.4 Fighting
 + Level 3.9 Polearms
 + Level 1.8 Throwing
 + Level 1.6 Armour
 + Level 2.9 Dodging


You had 3 spell levels left.
You didn't know any spells.
Your spell library contained the following spells:

 Spells                   Type           Power      Damage    Failure   Level
 Inner Flame              Hex/Fire       0%         N/A       99%         3
 Cause Fear               Hex            0%         N/A       100%        4
 Discord                  Hex            0%         N/A       100%        8


Dungeon Overview and Level Annotations

Branches:
Dungeon (3/15)

Altars:


Innate Abilities, Weirdness & Mutations

You have very sharp fingernails.
You are partially covered in yellow scales. (AC +2)


Message History

An orc comes into view. It is wielding a +0 dagger.
There are monsters nearby!
The orc shouts!
The orc priest calls down the wrath of Beogh upon you.
Pain shoots through your body!
An orc priest is nearby!
An orc comes into view. It is wielding a +0 dagger.
An orc comes into view. It is wielding a +0 hand axe.
The orc shouts! x2
You hit the orc priest but do no damage.
The orc priest mumbles some strange prayers to Beogh against you.
Pain shoots through your body!
An orc wizard comes into view. It is wielding a +0 dagger.
The orc wizard shouts!
You hit the orc priest but do no damage.
You hear a shout!
The orc priest hits you but does no damage.
An orc comes into view. It is wielding a +0 short sword.
The orc shouts!
You hit the orc priest but do no damage.
The orc priest hits you but does no damage.
You barely miss the orc priest. The orc priest hits you with a +0 whip.
You barely miss the orc priest. The orc barely misses you.
You barely miss the orc.
The orc priest hits you but does no damage.
The orc barely misses you.
You puncture the orc!
You kill the orc!
The orc priest hits you with a +0 whip. x2
You closely miss the orc priest. The orc priest hits you with a +0 whip.
You barely miss the orc priest. The worm bites you.
The orc priest invokes the aid of Beogh against you.
Beogh smites you!
* * * LOW HITPOINT WARNING * * *
You closely miss the orc priest.
The orc priest looks encouraged for a moment.
The worm barely misses you.
The orc priest mumbles some strange prayers to Beogh against you.
Beogh smites you!
You die...

#. ... # # #...
.#. #.#.##.#
#.#.##.#
###....#.#
.........#
..(.....@########
.###....<.......
#.o#.#######.
#.##.#
#.oo.ow##.#
#..o#####.# #..
#.# ... #.# ..
#.#


You could see a worm, an orc priest, an orc wizard and an orc.

Vanquished Creatures
  Robin (D:2)
  3 adders (D:2)
  2 worms (D:2)
  An orc (D:3)
  A ball python (D:1)
  An endoplasm (D:1)
  3 giant cockroaches (D:2)
  11 goblins
  11 hobgoblins
  2 quokkas (D:2)
  6 bats
  4 frilled lizards
  3 kobolds
  4 rats
53 creatures vanquished.

Vanquished Creatures (others)
  4 fungi (D:3)
  A toadstool (D:3)
5 creatures vanquished.

Grand Total: 58 creatures vanquished

Notes
Turn   | Place    | Note
-------+----------+-------------------------------------------
     0 | D:1      | Exodus22XD the Demonspawn Gladiator began the quest for the
                  | Orb.
     0 | D:1      | Reached XP level 1. HP: 16/16 MP: 1/1
   159 | D:1      | Found a faded altar of an unknown god.
   310 | D:1      | Reached skill level 3 in Polearms
   315 | D:1      | Gained mutation: You have sharp fingernails. [demonic
                  | ancestry]
   315 | D:1      | Reached XP level 2. HP: 21/22 MP: 2/2
   695 | D:2      | Noticed Robin
  1169 | D:2      | Gained mutation: You are partially covered in yellow
                  | scales. (AC +2) [demonic ancestry]
  1169 | D:2      | Reached XP level 3. HP: 27/27 MP: 3/3
  1197 | D:2      | Killed Robin
  1198 | D:2      | Reached skill level 1 in Armour
  1565 | D:2      | Gained mutation: You have very sharp fingernails. [demonic
                  | ancestry]
  1565 | D:2      | Reached XP level 4. HP: 34/34 MP: 4/4
  2109 | D:3      | Killed from afar by an orc priest

Illustrated notes

Levels and vault maps discovered:
D:1:      lightli_arrival_noodles, layout_basic,
          shapermc_ecumenical_altar_pompeii
D:2:      layout_loops_ring, uniq_robin
D:3:      layout_loops_ring, minivault_23, minmay_gold_behind_fungi,
          kennysheep_pointless_box, nrook_mini_vaults

Skill      XL: |  1  2  3 |
---------------+----------+-----
Polearms       | 3 |  3.9
Armour         | 1 |  1.6
Fighting       | |  2.4
Throwing       | |  1.8
Dodging        | |  2.9

Action                   |  1- 3 |  4- 6 || total
-------------------------+-------+-------++-------
Melee: Trident           |   128 |    40 ||   168
       Punch             |     3 |       ||     3
Armor: Leather armour    |     5 |       ||     5
       Scale mail        |    48 |    11 ||    59
Dodge: Dodged            |    64 |    10 ||    74
